 Dungeon Crawl Stone Soup version 0.31-a0-210-gccc998df9b (webtiles) character file.

Game seed: 1443029178995949955

32 qw the Shooter (level 3, -2/21 HPs)
             Began as a Gargoyle Hexslinger on June 30, 2023.
             Slain by a goblin
             ... wielding a +0 club
             ... led by Robin
              (5 damage)
             ... on level 1 of the Dungeon.
             The game lasted 00:00:22 (685 turns).

qw the Shooter (Gargoyle Hexslinger)                 Turns: 685, Time: 00:00:23

Health: -2/21      AC:  8    Str: 10 (11) XL:     3   Next: 27%
Magic:  4/4        EV: 10    Int: 10 (13) God:
Gold:   58         SH:  0    Dex: 12 (14) Spells: 3/4 levels left

rFire   . . .        Y - +1 sling
rCold   . . .        (no shield)
rNeg    + . .        i - +0 ring mail
rPois   inf          (no helmet)
rElec   +            (no cloak)
rCorr   .            (no gloves)
SInv    .            (no boots)
Will    .....        (no amulet)
Stlth   +            (no ring)
HPRegen 0.23/turn    (no ring)
MPRegen 0.09/turn

%: no passive effects
@: weak-willed
A: sickness immunity, AC +3, negative energy resistance 1, electricity
resistance, torment resistance 1, petrification resistance
a: no special abilities


You were on level 1 of the Dungeon.
You visited 1 branch of the dungeon, and saw 2 of its levels.

You collected 58 gold pieces.


Innate Abilities, Weirdness & Mutations

You are immune to sickness and miasma.
Your stone body is resilient. (AC +3)
You are immune to poison.
You resist negative energy. (rN+)
You are resistant to electric shocks. (rElec)
You are resistant to unholy torment.
You are immune to petrification.


   Skills:
 - Level 2.0 Fighting
 + Level 3.2 Ranged Weapons
 - Level 1.5 Dodging
 - Level 1.0 Spellcasting
 - Level 2.6 Hexes


You had 3 spell levels left.
You knew the following spells:

 Your Spells              Type           Power      Damage    Failure   Level
a - Slow                  Hex            20%        N/A       30%         1

Your spell library contained the following spells:

 Spells                   Type           Power      Damage    Failure   Level
 Inner Flame              Hex/Fire       3%         N/A       83%         3
 Portal Projectile        Hex/Tloc       6%         N/A       83%         3
 Cause Fear               Hex            2%         N/A       96%         4

Inventory:

Hand Weapons
 Y - a +1 sling (weapon)
Armour
 i - a +0 ring mail (worn)
Potions
 d - a potion of mutation {unknown}

Dungeon Overview and Level Annotations

Branches:
Dungeon (2/15)

Altars:
Xom

Annotations:
D:1 Robin
D:2 Natasha


Message History

The goblin hits you but does no damage. The hobgoblin barely misses you.
A dart slug comes into view.
The goblin barely misses you. The hobgoblin barely misses you.
The hobgoblin closely misses you. The hobgoblin barely misses you.
You shoot a sling bullet. The sling bullet hits the hobgoblin.
You kill the hobgoblin!
The goblin hits you but does no damage. The hobgoblin barely misses you.
The hobgoblin hits you. The hobgoblin barely misses you.
The cerulean imp hits you from afar with a +2 spear.
679 ||| STAIRDANCE The hobgoblin misses you.
The hobgoblin barely misses you.
The goblin closely misses you. x2; Robin hits you but does no damage.
The goblin hits you with a +0 club. The hobgoblin barely misses you.
The cerulean imp closely misses you.
You climb upwards.
There is a stone staircase leading down here.
You shoot a sling bullet. The sling bullet hits the hobgoblin.
You kill the hobgoblin!
The hobgoblin closely misses you.
You shoot a sling bullet.
The sling bullet barely misses the goblin.
The sling bullet hits the hobgoblin.
The hobgoblin is moderately wounded.
The hobgoblin hits you but does no damage.
The goblin hits you but does no damage. The hobgoblin barely misses you.
The goblin barely misses you.
You shoot a sling bullet. The sling bullet hits the goblin.
The goblin is moderately wounded.
The hobgoblin hits you. The goblin misses you.
You shoot a sling bullet. The sling bullet hits the goblin.
The goblin is heavily wounded.
The hobgoblin hits you. The goblin closely misses you.
You shoot a sling bullet.
The sling bullet barely misses the goblin.
The sling bullet hits the hobgoblin.
You kill the hobgoblin!
The hobgoblin hits you. The goblin hits you but does no damage.
The hobgoblin hits you but does no damage.
The goblin hits you with a +0 club.
You die...

#########
######.......##
#.%).#.####....
#.##..(...#..##
#.####.##.#....
####.#
#.##......
#@gg.#
#.........
#g####
######.#.. #g#
########....
#g#
#.......##.#
#.#
#.......##..
#.#
#.......####
#.# #.......#
## #.#
#.......# #.
#.# #..(....#
#.


You could see Robin, a hobgoblin (strong) and 3 goblins.

Vanquished Creatures
  2 dart slugs (D:1)
  2 ball pythons (D:1)
  An endoplasm (D:1)
  2 giant cockroaches (D:1)
  4 goblins
  5 hobgoblins
  3 jackals (D:1)
  A quokka (D:1)
  A bat (D:1)
  A frilled lizard (D:1)
  3 kobolds (D:1)
  A rat (D:1)
26 creatures vanquished.

Notes
Turn   | Place    | Note
-------+----------+-------------------------------------------
     0 | D:1      | qw the Gargoyle Hexslinger began the quest for the Orb.
     0 | D:1      | Reached XP level 1. HP: 12/12 MP: 2/2
     0 | D:1      | 0 ||| qw: Version: 0.3-a-24-ga2abf7b
     0 | D:1      | 0 ||| qw: Game counter: 7092
     0 | D:1      | 0 ||| qw: Melee chars always use a shield: true
     0 | D:1      | 0 ||| qw: God list: Okawaru
     0 | D:1      | 0 ||| qw: Allow faded altars: false
     0 | D:1      | 0 ||| qw: Do Orc after clearing Dungeon:15 true
     0 | D:1      | 0 ||| qw: Do second Lair branch before Depths: true
     0 | D:1      | 0 ||| qw: Lair rune preference: random
     0 | D:1      | 0 ||| qw: Goals: Normal
     0 | D:1      | 0 ||| PLANNING D:1-11
   188 | D:1      | Reached XP level 2. HP: 16/16 MP: 3/3
   260 | D:1      | Reached skill level 3 in Ranged Weapons
   421 | D:1      | Reached XP level 3. HP: 21/21 MP: 4/4
   553 | D:1      | Found a faded altar of an unknown god.
   564 | D:1      | 564 ||| UPGRADING to +0 ring mail.
   574 | D:1      | 574 ||| UPGRADING to +0 robe.
   579 | D:1      | 579 ||| UPGRADING to +0 ring mail.
   589 | D:1      | 589 ||| DROPPING +0 robe.
   645 | D:1      | 645 ||| READING scroll labelled QYLLON BAAB.
   646 | D:1      | 646 ||| READING scroll labelled REACAGASIS.
   647 | D:1      | 647 ||| READING scroll labelled BYLLAPNEXKI.
   652 | D:1      | 652 ||| READING scroll labelled EWOFUA CEUTO.
   653 | D:1      | 653 ||| DRINKING 2 amethyst potions.
   654 | D:1      | 654 ||| DROPPING scroll of poison.
   655 | D:1      | 655 ||| DROPPING potion of degeneration.
   674 | D:2      | Noticed Natasha
   674 | D:2      | Noticed Robin
   674 | D:2      | Found a shimmering altar of Xom.
   679 | D:2      | 679 ||| STAIRDANCE
   685 | D:1      | HP: 3/21 [hobgoblin[Robin] (3)]
   685 | D:1      | Slain by a goblin

Levels and vault maps discovered:
D:1:      ncdulo_watergridlock, layout_loops_cross,
          shapermc_ecumenical_altar_flowoftime
D:2:      layout_rooms, basic_altar, uniq_natasha, uniq_robin

Skill      XL: |  1  2 |
---------------+-------+-----
Ranged Weapons | 3 |  3.2
Fighting       | 2 |  2.0
Dodging        | |  1.5
Spellcasting   | |  1.0
Hexes          | |  2.6

Action                     || total
---------------------------++-------
   Fire: Sling             ||    89
    Use: Scroll            ||     4
         Potion            ||     1
 Armour: Robe              ||    23
         Ring mail         ||     8
         Skin              ||     2
  Dodge: Dodged            ||    52

Table legend:
 A = Non-vault XP
 B = Vault XP
 C = Vault XP percentage of total XP
 D = Non-vault monster count
 E = Vault monster count
 F = Vault count percentage of total count
                 A         B        C        D         E       F
            +---------+---------+-------+---------+---------+-------
      Total |      41 |       8 |  16.3 |      22 |       4 |  15.4
            +---------+---------+-------+---------+---------+-------
        D:1 |      40 |       4 |   9.1 |      21 |       2 |   8.7
        D:2 |       1 |       4 |  80.0 |       1 |       2 |  66.7
            +---------+---------+-------+---------+---------+-------
